 Dungeon Crawl Stone Soup version 0.23-a0-650-ga4d50d4 (webtiles) character file.

968 zishaf the Chopper (level 8, 0/73 HPs)
             Began as a Hill Orc Monk on Jan 3, 2019.
             Was a Believer of Beogh.
             Killed by nerve-wracking pain
             ... invoked by Menkaure
              (2 damage)
             ... on level 5 of the Dungeon.
             The game lasted 00:11:32 (5831 turns).

zishaf the Chopper (Hill Orc Monk)                  Turns: 5831, Time: 00:11:32

Health: 0/73       AC: 14    Str: 16    XL:     8   Next: 15%
Magic:  0/17       EV: 10    Int: 13    God:    Beogh [**....]
Gold:   306        SH:  0    Dex: 13    Spells: 7/7 levels left

rFire    . . .     SeeInvis .   a - +0 hand axe
rCold    . . .     Gourm    .   (no shield)
rNeg     . . .     Faith    .   o - +0 scale mail
rPois    .         Spirit   +   (no helmet)
rElec    .         Reflect  .   (no cloak)
rCorr    .         Harm     .   G - +2 pair of gloves of Gluttony {MP+9}
MR       .....                  (no boots)
Stlth    ..........             n - amulet of guardian spirit
HPRegen  0.22/turn              p - +4 ring of protection
MPRegen  0.15/turn              E - +3 ring of intelligence

@: drained
A: no striking features
a: Smiting, Renounce Religion


You were on level 5 of the Dungeon.
You worshipped Beogh.
Beogh was pleased with you.
You were not hungry.

You visited 1 branch of the dungeon, and saw 5 of its levels.
You also visited: Sewer.

You collected 306 gold pieces.

Inventory:

Hand Weapons
 a - a +0 hand axe (weapon)
 b - a +0 hunting sling
 w - a +0 blowgun
Missiles
 q - 21 stones (quivered)
 s - 34 sling bullets
 u - 15 poisoned needles
 B - 4 curare-tipped needles
Armour
 o - a +0 scale mail (worn)
 G - the +2 pair of gloves of Gluttony (worn) {MP+9}
   (You found it on level 4 of the Dungeon)

   It affects your magic capacity (+9).
Jewellery
 n - an amulet of guardian spirit (around neck)
 p - a +4 ring of protection (left hand)
 E - a +3 ring of intelligence (right hand)
Wands
 g - a wand of disintegration (18)
 D - a wand of flame (27)
Scrolls
 f - 2 scrolls of fog {unknown}
 j - 4 scrolls of magic mapping {unknown}
 l - 4 scrolls of remove curse {unknown}
 r - 3 scrolls of amnesia {unknown}
 v - 2 scrolls of teleportation {unknown}
 x - 3 scrolls of identify {unknown}
 A - 4 scrolls of blinking {unknown}
 C - 2 scrolls of noise {unknown}
 J - 2 scrolls of fear {unknown}
Potions
 d - 2 potions of degeneration {unknown}
 e - a potion of might {unknown}
 h - 5 potions of heal wounds {unknown}
 i - 5 potions of curing {unknown}
 k - a potion of berserk rage {unknown}
 m - a potion of invisibility {unknown}
 t - a potion of lignification {unknown}
 z - 2 potions of brilliance {unknown}
 H - 3 potions of magic {unknown}
 I - a potion of haste {unknown}
Comestibles
 c - 6 rations
 F - 5 chunks of flesh


   Skills:
 + Level 7.0(6.2) Fighting
 + Level 7.5(6.7) Axes
 - Level 2.0(1.3) Throwing
 + Level 5.1(4.4) Armour
 - Level 3.0(2.3) Dodging
 - Level 1.5(0.9) Stealth


You had 7 spell levels left.
You didn't know any spells.
Your spell library was empty.

Dungeon Overview and Level Annotations

Branches:
Dungeon (5/15)
 Temple: D:4-7

Altars:
Fedhas
Sif Muna
Vehumet
The Shining One

Shops:
D:4 *

Annotations:
D:5 Menkaure


Message History

You hit Menkaure.
Menkaure is almost destroyed.
Menkaure calls on the powers of darkness!
You feel a surge of unholy energy.
You hit Menkaure.
Menkaure is almost destroyed.
Menkaure hits you but does no damage.
You hit Menkaure but do no damage.
Menkaure is almost destroyed.
Menkaure barely misses you.
You hit Menkaure but do no damage.
Menkaure is almost destroyed.
Menkaure misses you.
You don't have enough magic at the moment.
You hit Menkaure but do no damage.
Menkaure is almost destroyed.
Menkaure hits you but does no damage.
Menkaure points at you and mumbles some strange words.
Pain shoots through your body!
You die...

####### ####
#####.....######..#
#...#............#
#...#.....#......#
#...###..........#
#..).##..#≈..#...####.
#...<)..[≈≈≈≈≈........
#...#@.#≈≈≈≈≈≈≈#.####.
###...#M..≈≈≈≈≈≈≈.......
#.........≈≈≈.≈≈≈...##<.
#.....##.≈≈≈≈≈≈≈≈≈..##..
#....###.#≈≈≈≈≈≈≈#.....#
###..###...≈≈≈≈≈........
#...###..#...#........
#.#(# ##....|.........
#.#(####..............


You could see Menkaure.

Vanquished Creatures
  An ogre (D:4)
  A centaur (D:5)
  3 bullfrogs
  Dowan (D:5)
  A howler monkey (D:4)
  A bullfrog skeleton (D:5)
  3 orc wizards
  2 worker ants
  A hound zombie (D:5)
  14 adders
  4 gnolls
  4 river rats (Sewer)
  2 oozes
  3 worms
  5 dart slugs
  4 leopard geckos
  7 orcs
  11 ball pythons
  2 giant cockroaches (D:5)
  4 goblins
  5 hobgoblins
  13 jackals
  5 bats
  9 frilled lizards
  A jackal skeleton (D:4)
  7 kobolds
  35 rats
149 creatures vanquished.

Notes
Turn   | Place    | Note
-------+----------+-------------------------------------------
     0 | D:1      | zishaf the Hill Orc Monk began the quest for the Orb.
     0 | D:1      | Reached XP level 1. HP: 19/19 MP: 1/1
   251 | D:1      | Reached XP level 2. HP: 27/27 MP: 2/2
   451 | D:1      | Reached skill level 1 in Armour
  1152 | D:2      | Reached XP level 3. HP: 29/33 MP: 3/3
  1587 | D:2      | Found a blossoming altar of Fedhas.
  1616 | D:2      | Reached XP level 4. HP: 40/40 MP: 4/4
  2026 | D:2      | Reached skill level 5 in Axes
  2051 | D:2      | Found a deep blue altar of Sif Muna.
  2256 | D:2      | Reached XP level 5. HP: 47/47 MP: 5/5
  3660 | D:3      | Reached skill level 5 in Fighting
  3898 | D:4      | Reached skill level 1 in Throwing
  3909 | D:4      | Found a radiant altar of Vehumet.
  3985 | D:4      | Noticed an ogre
  4092 | D:4      | Killed an ogre
  4092 | D:4      | Reached XP level 6. HP: 56/56 MP: 6/6
  4300 | D:4      | Found Gatoug's General Store.
  4303 | D:4      | Got a pair of spiked gloves
  4309 | D:4      | Identified the +2 pair of gloves of Gluttony {MP+9} (You
                  | found it on level 4 of the Dungeon)
  4687 | D:4      | Found a glowing golden altar of the Shining One.
  4892 | D:4      | Reached XP level 7. HP: 58/61 MP: 7/7
  4952 | D:5      | Entered Level 5 of the Dungeon
  4952 | D:5      | Found a glowing drain.
  4985 | Sewer    | Entered a sewer
  5596 | D:5      | Became a worshipper of Beogh the Brigand
  5596 | D:5      | Reached * piety under Beogh
  5596 | D:5      | Reached ** piety under Beogh
  5600 | D:5      | Noticed Dowan
  5705 | D:5      | Killed Dowan
  5705 | D:5      | Reached XP level 8. HP: 67/71 MP: 8/8
  5713 | D:5      | Reached skill level 5 in Armour
  5801 | D:5      | Noticed Menkaure
  5825 | D:5      | HP: 1/73 [Menkaure (5)]
  5831 | D:5      | Killed from afar by Menkaure

Vault maps used:
D:1:      roderic_crossed_star, minmay_pentomino_z4
D:2:      fedhas_ov_isle_minmay, marbit_many_paths
D:3:      kennysheep_generic_room_16
D:4:      lemuel_upstairs_altar, vehumet_altar_wand_db, kennysheep_mini_moat,
          serial_shops, shop
D:5:      first_ration, cheibrodos_sewer_entry_drain, uniq_duvessa,
          uniq_menkaure, uniq_crazy_yiuf_cottage
Sewer:    sewer_minmay_w

Skill      XL: |  1  2  3  4  5  6  7  8 |
---------------+-------------------------+-----
Armour         | 1 2 3 4 5 |  5.1
Fighting       | 4 5 6 7 |  7.0
Dodging        | 3 |  3.0
Axes           | 5 6 7 |  7.5
Throwing       | 1 2 |  2.0
Stealth        | |  1.5

Action                   |  1- 3 |  4- 6 |  7- 9 || total
-------------------------+-------+-------+-------++-------
Melee: Hand axe          |   115 |   250 |   247 ||   612
 Fire: Hunting sling     |     8 |    19 |    34 ||    61
       Blowgun           |       |     4 |     7 ||    11
Throw: Tomahawk          |       |     5 |     3 ||     8
Invok: Convert to Beogh  |       |       |     1 ||     1
Evoke: Wand              |       |     1 |       ||     1
 Stab: Sleeping          |     2 |     2 |       ||     4
  Eat: Chunk             |     2 |     7 |     4 ||    13
       Ration            |       |     1 |       ||     1
Armor: Leather armour    |    47 |    19 |       ||    66
       Robe              |     1 |       |       ||     1
       Scale mail        |       |    89 |   177 ||   266
Dodge: Dodged            |    75 |   113 |   184 ||   372

Table legend:
 A = Non-vault XP
 B = Vault XP
 C = Vault XP percentage of total XP
 D = Non-vault monster count
 E = Vault monster count
 F = Vault count percentage of total count
                 A         B        C        D         E       F
            +---------+---------+-------+---------+---------+-------
      Total |     933 |     450 |  32.5 |      89 |      60 |  40.3
            +---------+---------+-------+---------+---------+-------
        D:1 |      29 |       4 |  12.1 |      16 |       3 |  15.8
        D:2 |     159 |       1 |   0.6 |      32 |       1 |   3.0
        D:3 |      87 |      17 |  16.3 |      12 |       3 |  20.0
        D:4 |     326 |       1 |   0.3 |      17 |       1 |   5.6
        D:5 |     332 |      81 |  19.6 |      12 |       4 |  25.0
      Sewer |       0 |     346 | 100.0 |       0 |      48 | 100.0
            +---------+---------+-------+---------+---------+-------
